 Dungeon Crawl Stone Soup version 0.28-a0-793-g31680bbd8b (webtiles) character file.

Game seed: 7648522641942677424

3566 jasper the Magician (level 9, 0/57 HPs)
             Began as a Demonspawn Hedge Wizard on Nov 3, 2021.
             Was a Follower of Vehumet.
             Slain by a vampire mosquito (7 damage)
             ... on level 8 of the Dungeon.
             The game lasted 00:17:38 (9329 turns).

jasper the Magician (Demonspawn Hedge Wizard)       Turns: 9329, Time: 00:17:38

Health: 0/57       AC: 15    Str: 10    XL:     9   Next: 84%
Magic:  1/20       EV: 12    Int: 19    God:    Vehumet [*.....]
Gold:   230        SH:  4    Dex: 13    Spells: 2/23 levels left

rFire   + . .      SeeInvis .   C - +3 scimitar (flame)
rCold   . . .      Faith    .   (no shield)
rNeg    . . .      Spirit   .   p - +0 steam dragon scales
rPois   .          Reflect  .   j - +0 helmet
rElec   .          Harm     .   x - +0 cloak
rCorr   .          Rampage  .   (no gloves)
Will    .....                   (no boots)
Stlth   ++........              (no amulet)
HPRegen 0.19/turn               (no ring)
MPRegen 0.17/turn               (no ring)

@: marked
A: hooves 1, molten scales 3, icemail 1, condensation shield
a: Renounce Religion


You were on level 8 of the Dungeon.
You worshipped Vehumet.
Vehumet was aware of your devotion.
You visited 1 branch of the dungeon, and saw 8 of its levels.

You collected 230 gold pieces.

Inventory:

Hand Weapons
 a - a +0 dagger
 e - a +0 dagger of electrocution
 i - a +2 dagger of venom
 C - a +3 scimitar of flaming (weapon)
Missiles
 f - 25 poisoned darts
 h - 309 stones
 q - 4 boomerangs
 t - 2 javelins
 y - 3 throwing nets
Armour
 b - a +0 robe
 c - a +0 hat
 j - a +0 helmet (worn)
 p - +0 steam dragon scales (worn)
 x - a +0 cloak (worn)
Wands
 m - a wand of iceblast (3)
 v - a wand of flame (18)
 E - a wand of charming (5)
Scrolls
 g - 6 scrolls of identify
 n - a scroll of immolation
 s - a scroll of blinking {unknown}
 w - a scroll of enchant armour {unknown}
 A - a scroll of enchant weapon {unknown}
 D - a scroll of teleportation
Potions
 k - 2 potions of resistance
 l - a potion of curing
 r - a potion of attraction
 u - a potion of lignification {unknown}
 z - 2 potions of cancellation {unknown}
 B - 2 potions of degeneration {unknown}


   Skills:
 - Level 1.7 Dodging
 - Level 1.7 Stealth
 - Level 7.5 Spellcasting
 + Level 4.6 Conjurations
 - Level 1.6 Hexes
 - Level 2.2 Summonings
 - Level 2.1 Translocations
 + Level 5.9 Fire Magic
 - Level 3.0 Air Magic
 - Level 7.0 Poison Magic


You had 2 spell levels left.
You knew the following spells:

 Your Spells              Type           Power      Damage    Failure   Level
a - Magic Dart            Conj           96%        1d7       1%          1
b - Slow                  Hex            52%        N/A       4%          1
d - Blink                 Tloc           30%        N/A       6%          2
e - Conjure Flame         Conj/Fire      27%        6-21      3%          3
f - Mephitic Cloud        Conj/Pois/Air  25%        N/A       3%          3
g - Ignite Poison         Fire/Tmut/Pois 23%        N/A       4%          3
h - Olgreb's Toxic Radia  Pois           33%        N/A       5%          4
i - Flame Wave            Conj/Fire      27%        3d6       11%         4

Your spell library contained the following spells:

 Spells                   Type           Power      Damage    Failure   Level
 Foxfire                  Conj/Fire      100%       2x1d9     1%          1
 Scorch                   Fire           58%        2d7       1%          2
 Summon Small Mammal      Summ           60%        N/A       3%          1
 Call Imp                 Summ           15%        N/A       6%          2
 Call Canine Familiar     Summ           15%        N/A       12%         3
 Summon Guardian Golem    Hex/Summ       14%        N/A       13%         3
 Freezing Cloud           Conj/Ice/Air   8%         6-21      67%         5
 Summon Cactus Giant      Summ           7%         N/A       99%         6
 Orb of Destruction       Conj           12%        9d6       100%        7
 Ozocubu's Refrigeration  Ice            3%         4d5       100%        7
 Spellforged Servitor     Conj/Summ      10%        N/A       100%        7
 Ignition                 Fire           14%        3d6       100%        8


Dungeon Overview and Level Annotations

Branches:
Dungeon (8/15)
 Temple: D:4-7         Lair: D:8-11

Altars:
Ashenzari
Fedhas
Qazlal
Ru
Uskayaw
Vehumet

Shops:
D:5 (

Annotations:
D:8 Harold


Innate Abilities, Weirdness & Mutations

You have large cloven feet.
You are completely covered in molten scales. (AC +4, rF+)
A meltable icy envelope protects you from harm. (AC +4)
A meltable shield of frost defends you. (SH +4)


Message History

The orc wizard is poisoned.
The orc is poisoned.
The howler monkey is poisoned. x2
The orc wizard looks even sicker.
The howler monkey looks even sicker. x2
The vampire mosquito barely misses you.
Harold hits you from afar with a +0 halberd!
The vampire mosquito bites you.
The vampire mosquito draws strength from your injuries!
The howler monkey hoots and howls with incredible vigour!
You take 10 damage, and have 18/57 hp.
You now have 0/20 mp.
You hit the vampire mosquito. You burn the vampire mosquito.
The vampire mosquito is almost destroyed.
You kill the butterfly!
Harold looks even sicker.
The orc looks even sicker.
The howler monkey is poisoned.
The howler monkey looks even sicker.
Your toxic aura wanes.
You kill the orc!
Vehumet accepts your kill.
The vampire mosquito closely misses you.
You block the vampire mosquito's attack.
Harold hits you from afar with a +0 halberd!
* * * LOW HITPOINT WARNING * * *
Harold misses you.
The vampire mosquito closely misses you.
You take 17 damage, and have 1/57 hp.
MASSIVE DAMAGE!!
The orc wizard gestures wildly while chanting.
The orc wizard flickers and vanishes!
Deactivating autopickup; reactivate with Ctrl-A.
The vampire mosquito closely misses you.
You feel better.
The vampire mosquito bites you but does no damage.
The howler monkey hoots and howls with incredible vigour!
The vampire mosquito bites you.
* * * LOW HITPOINT WARNING * * *
The vampire mosquito draws strength from your injuries!
You block Harold's attack.
You regained 6 hp, and now have 7/57 hp.
As you read the scroll of fear, it crumbles to dust.
You assume a fearsome visage.
Harold looks frightened!
The howler monkey looks frightened! x3; The vampire mosquito is unaffected.
The vampire mosquito bites you!
You die...

#..#......[#....... #...
.......#.##.##..###..
##..###......#.##......))..
#...##..........#.........#
...#.....................#
#######.........##..h...........
#...........##..##..)......###..
#...............##hh...##...#...
#..............@y@.h#..##.......
##...............####.......#...
##.#....<........####.....#####
####.#..........##.........#
###.##)###...##...#....##.......
##...##)##........≈≈.P♣♣♣P.≈≈..#.
.(....)))#.....#..≈≈P.....P≈≈..#
##.#.##[....#..#....P♣♣.♣♣PP.####
#######....#.......♣♣...♣♣.P...#


You could see Harold (fleeing, very poisoned), a vampire mosquito and 3 howler
monkeys.

Vanquished Creatures
  Erica (D:8)
  A two-headed ogre (D:7)
  A steam dragon (D:6)
  Menkaure (D:5)
  An orc warrior (D:8)
  A hornet zombie (D:6)
  A sky beast (D:6)
  4 centaurs
  A kobold brigand (D:4)
  A bullfrog (D:6)
  A scorpion (D:6)
  A water moccasin zombie (D:6)
  A water moccasin skeleton (D:4)
  10 wights
  2 hounds
  2 centaur zombies (D:8)
  An orc priest (D:6)
  Crazy Yiuf (D:5)
  A gnoll shaman (D:8)
  An iguana (D:6)
  2 orc wizards (D:7)
  A hound skeleton (D:5)
  3 howler monkey skeletons
  7 gnolls
  5 adders
  2 ufetubi
  3 worms
  18 orcs
  9 endoplasms
  6 goblins
  7 hobgoblins
  2 jackals (D:4)
  2 quokkas
  6 ball pythons
  4 bats
  3 frilled lizards
  A jackal skeleton (D:4)
  3 kobolds
  5 rats
  A butterfly (D:8)
124 creatures vanquished.

Vanquished Creatures (collateral kills)
  An ogre (D:4)
  A centaur (D:5)
  A jelly (D:5)
  A hound (D:5)
  An orc wizard (D:6)
  A gnoll (D:1)
  5 adders
  2 worms
  An orc (D:6)
  A bat (D:2)
  An endoplasm (D:4)
  2 goblins
  A jackal (D:4)
  A frilled lizard (D:1)
20 creatures vanquished.

Vanquished Creatures (others)
  3 plants (D:3)
3 creatures vanquished.

Grand Total: 147 creatures vanquished

Notes
Turn   | Place    | Note
-------+----------+-------------------------------------------
     0 | D:1      | jasper the Demonspawn Hedge Wizard began the quest for the
                  | Orb.
     0 | D:1      | Reached XP level 1. HP: 13/13 MP: 4/4
   328 | D:1      | Gained mutation: A meltable shield of frost defends you.
                  | (SH +4) [demonic ancestry]
   328 | D:1      | Reached XP level 2. HP: 19/19 MP: 0/6
   330 | D:1      | Learned a level 1 spell: Slow
   333 | D:1      | Learned a level 2 spell: Call Imp
   336 | D:1      | Learned a level 2 spell: Blink
  1246 | D:1      | Gained mutation: You are partially covered in molten
                  | scales. (AC +2) [demonic ancestry]
  1246 | D:1      | Reached XP level 3. HP: 24/24 MP: 5/8
  1250 | D:1      | Learned a level 3 spell: Conjure Flame
  2087 | D:2      | Found a faded altar of an unknown god.
  2191 | D:2      | Gained mutation: You are mostly covered in molten scales.
                  | (AC +3) [demonic ancestry]
  2191 | D:2      | Reached XP level 4. HP: 30/30 MP: 7/10
  2195 | D:2      | Learned a level 3 spell: Mephitic Cloud
  2383 | D:2      | Reached skill level 1 in Translocations
  4195 | D:4      | Gained mutation: A meltable icy envelope protects you from
                  | harm. (AC +4) [demonic ancestry]
  4195 | D:4      | Reached XP level 5. HP: 12/35 MP: 0/12
  4421 | D:4      | Reached skill level 1 in Hexes
  4498 | D:4      | Reached skill level 1 in Poison Magic
  4524 | D:4      | Noticed an ogre
  4555 | D:4      | Killed an ogre
  4556 | D:4      | Reached skill level 1 in Fire Magic
  4556 | D:4      | Reached skill level 1 in Air Magic
  4556 | D:4      | Reached XP level 6. HP: 41/41 MP: 8/13
  4607 | D:4      | Identified the +6 chain mail "Hutasuann" {Rampage rN+ rCorr
                  | Dex-3}
  4915 | D:4      | Noticed a +0 short sword
  4916 | D:4      | Noticed a +0 falchion
  4917 | D:4      | Noticed a +0 spear
  4917 | D:4      | Noticed a +0 short sword
  4918 | D:4      | Noticed a +0 falchion
  4918 | D:4      | Noticed a +0 dagger
  4918 | D:4      | Noticed a +0 spear
  4918 | D:4      | Noticed a +0 dagger
  4921 | D:4      | Found a hide-covered altar of Uskayaw.
  5109 | D:5      | Entered Level 5 of the Dungeon
  5109 | D:5      | Found Raicid's Antique Weapon Boutique.
  5257 | D:5      | Found a broken altar of Ashenzari.
  5359 | D:5      | Noticed Menkaure
  5373 | D:5      | Gained mutation: You are completely covered in molten
                  | scales. (AC +4, rF+) [demonic ancestry]
  5373 | D:5      | Reached XP level 7. HP: 43/46 MP: 10/14
  5785 | D:6      | Learned a level 3 spell: Ignite Poison
  6142 | D:6      | Noticed a steam dragon
  6161 | D:6      | Killed a steam dragon
  6895 | D:6      | Reached XP level 8. HP: 52/52 MP: 15/15
  6909 | D:6      | Found a faded altar of an unknown god.
  6909 | D:6      | Found a blossoming altar of Fedhas.
  6916 | D:6      | Found a radiant altar of Vehumet.
  6918 | D:6      | Found a sacrificial altar of Ru.
  6920 | D:6      | Found a stormy altar of Qazlal.
  6923 | D:6      | Became a worshipper of Vehumet
  6984 | D:6      | Reached skill level 5 in Spellcasting
  7331 | D:6      | Learned a level 4 spell: Olgreb's Toxic Radiance
  7670 | D:5      | Killed Menkaure
  7671 | D:5      | Reached skill level 5 in Poison Magic
  8338 | D:5      | Found a runed translucent door.
  8339 | D:5      | Noticed Crazy Yiuf
  8345 | D:5      | Killed Crazy Yiuf
  8584 | D:7      | Noticed a two-headed ogre
  8591 | D:7      | Killed a two-headed ogre
  8592 | D:7      | Gained mutation: You have large cloven feet. [demonic
                  | ancestry]
  8592 | D:7      | Reached XP level 9. HP: 57/57 MP: 1/20
  8593 | D:7      | Reached * piety under Vehumet
  8593 | D:7      | Offered knowledge of Foxfire by Vehumet.
  8712 | D:7      | Learned a level 4 spell: Flame Wave
  8879 | D:8      | Noticed Erica
  8885 | D:8      | Killed Erica
  8886 | D:8      | Reached skill level 5 in Fire Magic
  9294 | D:8      | Noticed Harold
  9326 | D:8      | HP: 1/57 [Harold (17)]
  9329 | D:8      | Slain by a vampire mosquito

Illustrated notes

Levels and vault maps discovered:
D:1:      dpeg_arrival_erosion, layout_basic, minivault_4
D:2:      layout_basic, hellmonk_ecumenical_altar_zigzags
D:3:      layout_basic, serial_forest, infiniplex_forest_clump_curved,
          infiniplex_forest_clump_C, infiniplex_forest_lined_room_2,
          infiniplex_forest_lined_room_3, infiniplex_forest_end_3,
          infiniplex_forest_clump_tiny, infiniplex_forest_clump_tiny,
          infiniplex_forest_straight_5, infiniplex_forest_3_way,
          infiniplex_forest_zigzag_1, minivault_24
D:4:      layout_basic, nicolae_uskayaw_en_pointe
D:5:      layout_basic, mainiacjoe_overflow_concentric_impassable, serial_shops,
          shop, uniq_menkaure, uniq_crazy_yiuf_cottage
D:6:      layout_basic, chequers_temple_overflow_minitemple, temple_statues
D:7:      layout_loops_ring, kennysheep_vampire_church,
          mainiacjoe_overflow_catwalk, serial_glass, glass_columns_c,
          glass_columns_c, item_on_display_a, minmay_strange_pillars,
          uniq_joseph
D:8:      layout_cave_pools, nicolae_elyvilon_peaceful_grove, the_hattery,
          uniq_harold, uniq_erica

Skill      XL: |  1  2  3  4  5  6  7  8  9 |
---------------+----------------------------+-----
Spellcasting   | 4 7 |  7.5
Translocations | 1 2 |  2.1
Hexes          | 1 |  1.6
Poison Magic   | 1 2 4 7 |  7.0
Summonings     | 2 |  2.2
Fire Magic     | 1 2 4 5 |  5.9
Air Magic      | 1 2 3 |  3.0
Conjurations   | 4 |  4.6
Dodging        | |  1.7
Stealth        | |  1.7

Action                   |  1- 3 |  4- 6 |  7- 9 || total
-------------------------+-------+-------+-------++-------
Melee: Dagger            |    31 |   105 |    95 ||   231
       Kick              |       |       |     9 ||     9
       Scimitar          |       |       |     8 ||     8
 Cast: Magic Dart        |    51 |    61 |     5 ||   117
       Call Imp          |    12 |    20 |    14 ||    46
       Slow              |       |     1 |     4 ||     5
       Mephitic Cloud    |       |       |    16 ||    16
       Ignite Poison     |       |       |    18 ||    18
       Olgreb's Toxic Ra |       |       |    14 ||    14
       Blink             |       |       |     1 ||     1
Evoke: Wand              |       |       |    15 ||    15
  Use: Scroll            |       |     8 |     3 ||    11
       Potion            |       |       |     1 ||     1
 Stab: Sleeping          |     2 |     3 |     1 ||     6
Armor: Robe              |     9 |    38 |    21 ||    68
       Steam dragon scal |       |       |    43 ||    43
Dodge: Dodged            |    22 |    70 |    78 ||   170
Block: Other             |    12 |    22 |    34 ||    68

Table legend: (Time is in decaauts)
 A = Elapsed time spent in this place.
 B = Non-inter-level travel time spent in this place.
 C = Inter-level travel time spent in this place.
 D = Time resting spent in this place.
 E = Time spent auto-exploring this place.
 F = Levels seen in this place.
 G = Mean time per level.
                   A        B        C        D        E       F      G
               +--------+--------+--------+--------+--------+-----+--------+
         Total |   9337 |   9099 |    238 |   1895 |   5836 |   8 | 1167.1 |
       Dungeon |   9337 |   9099 |    238 |   1895 |   5836 |   8 | 1167.1 |
               +--------+--------+--------+--------+--------+-----+--------+

Top non-repeatable levels by time:
     D:6: 2325 daAuts
     D:2: 1667 daAuts
     D:3: 1384 daAuts
     D:1: 1355 daAuts
     D:5: 1034 daAuts
     D:4: 702 daAuts
     D:8: 519 daAuts
     D:7: 347 daAuts
